 Dungeon Crawl Stone Soup version 0.31.0-12-g77e489cdc1 (webtiles) character file.

Game seed: 6797059217827740675

872 spaghetti the Fighter (level 7, -3/65 HPs)
             Began as a Demonspawn Chaos Knight on Mar 2, 2024.
             Was a Plaything of Xom.
             Slain by an ogre
             ... wielding a +0 giant club
              (12 damage)
             ... on level 5 of the Dungeon.
             The game lasted 00:04:48 (3519 turns).

spaghetti the Fighter (Demonspawn Chaos Knight)     Turns: 3519, Time: 00:04:49

Health: -3/65      AC: 15    Str: 16    XL:     7   Next: 74%
Magic:  7/7        EV: 11    Int: 15    God:    Xom [...*..]
Gold:   238        SH:  0    Dex: 12    Spells: 6/6 levels left

rFire   . . .        e - +5 hammer "Amowku" {protect, rN+ Str+6}
rCold   . . .        (no shield)
rNeg    + . .        b - +2 leather armour
rPois   .            (no helmet)
rElec   .            d - +0 cloak {Stlth+}
rCorr   .            (no gloves)
SInv    .            m - +0 pair of boots
Will    +....        (no amulet)
Stlth   ++           n - ring of willpower
HPRegen 0.30/turn    (no ring)
MPRegen 0.10/turn

%: no passive effects
@: under a protective aura
A: claws 2, rugged brown scales 1, weak 1
a: Renounce Religion


You were on level 5 of the Dungeon.
You worshipped Xom.
You were a favourite toy of Xom.
You visited 1 branch of the dungeon, and saw 5 of its levels.

You collected 238 gold pieces.

Inventory:

Hand Weapons
 a - a +1 spear of chaos
 e - the +5 hammer "Amowku" (weapon) {protect, rN+ Str+6}
   (You found it on level 3 of the Dungeon)

   Str+6:     It affects your strength (+6).
   rN+:       It protects you from negative energy.
Armour
 b - a +2 leather armour (worn)
 d - a +0 cloak of stealth (worn)
 m - a +0 pair of boots (worn)
Jewellery
 g - a ring of willpower
 n - a ring of willpower (left claw)
Wands
 h - a wand of quicksilver (1)
 k - a wand of paralysis (8)
Scrolls
 c - a scroll of butterflies
 f - a scroll of vulnerability
 o - a scroll of noise
 p - 4 scrolls of identify
Potions
 i - a potion of enlightenment
 j - a potion of lignification
 l - a potion of curing


   Skills:
 + Level 9.2 Fighting
 - Level 2.6 Polearms
 - Level 1.7 Armour
 - Level 0.8 Dodging
 - Level 1.1 Unarmed Combat


You had 6 spell levels left.
You didn't know any spells.
Your spell library contained the following spells:

 Spells                   Type           Power      Damage    Failure   Level
 Apportation              Tloc           0%         N/A       32%         1
 Necrotise                Necr           0%         1d4       32%         1
 Sting                    Conj/Alch      0%         1d3       32%         1
 Summon Small Mammal      Summ           0%         N/A       32%         1


Dungeon Overview and Level Annotations

Branches:
Dungeon (5/15)
 Temple: D:4-7

Altars:
Hepliaklqana
Sif Muna
Yredelemnul

Annotations:
D:4 Dowan, Duvessa


Innate Abilities, Weirdness & Mutations

You have very sharp fingernails.
You are partially covered in rugged brown scales. (AC +1, +3% HP)
You are weak. (Str -2)


Message History

The iguana bites you but does no damage.
You hit the iguana but do no damage.
The iguana is moderately wounded.
The iguana closely misses you. The iguana barely misses you.
You closely miss the iguana.
The iguana is moderately wounded.
The iguana barely misses you.
You sock the iguana!
The iguana is almost dead.
The iguana bites you but does no damage.
You hit the iguana.
You kill the iguana!
The ogre misses you.
You hit the ogre.
The ogre is lightly wounded.
The ogre hits you with a +0 giant club!!
You are too injured to fight recklessly!
You are too injured to fight recklessly!
You are too injured to fight recklessly!
You are too injured to fight recklessly!
You are too injured to fight recklessly!
An ogre is nearby!
Unknown command.
You are too injured to fight recklessly!
You hit the ogre.
The ogre is moderately wounded.
The ogre hits you with a +0 giant club!!
* * * LOW HITPOINT WARNING * * *
Unknown command.
Unknown command.
Aiming: Paralyse
Press: ? - help, Shift-Dir - straight line, f - ogre
Aim: an ogre, wielding a +0 giant club (moderately wounded, chance to affect: 49%)
The ogre resists with some effort.
Aiming: Paralyse
Press: ? - help, Shift-Dir - straight line, f/p - ogre
Aim: an ogre, wielding a +0 giant club (moderately wounded, chance to affect: 49%)
The ogre resists with some effort.
The ogre hits you with a +0 giant club!
You die...
Xom howls with laughter!

... ... ... #.#
#.# #.# #O#######
#@.......
#........
#........
#........
♣###.#!.#### ♣♣
♣♣~♣♣♣♣♣♣....#.##
..
♣.~~♣..<.....#.#
..
P~♣♣♣##.......#
#.
♣~♣♣♣##...<.###


You could see an ogre.

Vanquished Creatures
  Eustachio (D:5)
  A wyvern (D:4)
  Menkaure (D:4)
  A bombardier beetle (D:3)
  A hound (D:5)
  Crazy Yiuf (D:3)
  A jelly (D:5)
  2 orc priests (D:3)
  4 iguanas
  Jessica (D:2)
  An orc wizard (D:5)
  4 adders
  A dart slug (D:2)
  2 ribbon worms
  4 orcs
  6 ball pythons
  6 endoplasms
  4 giant cockroaches
  4 goblins (D:3)
  8 hobgoblins
  4 jackals (D:3)
  5 kobolds
  2 quokkas
  A bat (D:2)
  3 frilled lizards
  4 rats
73 creatures vanquished.

Vanquished Creatures (collateral kills)
  An orc priest (D:5)
1 creature vanquished.

Vanquished Creatures (others)
  A quokka (D:3)
1 creature vanquished.

Grand Total: 75 creatures vanquished

Notes
Turn   | Place    | Note
-------+----------+-------------------------------------------
     0 | D:1      | spaghetti the Demonspawn Chaos Knight began the quest for
                  | the Orb.
     0 | D:1      | Reached XP level 1. HP: 18/18 MP: 1/1
   179 | D:1      | Gained mutation: You are partially covered in rugged brown
                  | scales. (AC +1, +3% HP) [demonic ancestry]
   179 | D:1      | Reached XP level 2. HP: 18/24 MP: 2/2
   182 | D:1      | Found a faded altar of an unknown god.
   470 | D:2      | Reached skill level 4 in Fighting
   503 | D:2      | Reached XP level 3. HP: 30/30 MP: 3/3
   552 | D:2      | Noticed Jessica
   563 | D:2      | Killed Jessica
   581 | D:2      | XOM: fake destruction
   765 | D:2      | XOM: give mutation
   765 | D:2      | Gained mutation: You are weak. (Str -2) [Xom's mischief]
   926 | D:3      | Reached XP level 4. HP: 31/39 MP: 4/4
   980 | D:3      | Reached skill level 5 in Fighting
  1015 | D:3      | XOM: scenery: 1 doors open
  1022 | D:3      | XOM: cleaving
  1077 | D:3      | Gained mutation: You have sharp fingernails. [demonic
                  | ancestry]
  1077 | D:3      | Reached XP level 5. HP: 39/47 MP: 5/5
  1133 | D:3      | Found a basalt altar of Yredelemnul.
  1186 | D:3      | Found a shimmering blue altar of Sif Muna.
  1190 | D:3      | XOM: confusion (+ monsters)
  1307 | D:3      | XOM: silly message
  1491 | D:3      | XOM: noise
  1686 | D:3      | Found a runed translucent door.
  1687 | D:3      | Noticed Crazy Yiuf
  1862 | D:3      | Found a faded altar of an unknown god.
  1862 | D:3      | Found a faded altar of an unknown god.
  1862 | D:3      | Found a hazy altar of Hepliaklqana.
  2219 | D:3      | Killed Crazy Yiuf
  2220 | D:3      | Reached skill level 6 in Fighting
  2220 | D:3      | Reached skill level 1 in Unarmed Combat
  2224 | D:3      | Identified the +5 hammer "Amowku" {protect, rN+ Str+6}
  2426 | D:4      | Noticed a wyvern
  2431 | D:4      | XOM: divination: detect items
  2434 | D:4      | Killed a wyvern
  2435 | D:4      | Reached XP level 6. HP: 15/54 MP: 6/6
  2623 | D:4      | XOM: 4-stop teleportation journey
  2630 | D:4      | Reached skill level 7 in Fighting
  2633 | D:4      | XOM: god gift: 20 gold pieces
  2750 | D:4      | Noticed Duvessa
  2752 | D:4      | Noticed Dowan
  2856 | D:3      | XOM: god gift: 19 gold pieces
  2908 | D:4      | XOM: noise
  2998 | D:4      | XOM: 1-stop teleportation journey
  3094 | D:4      | Noticed Menkaure
  3104 | D:4      | Killed Menkaure
  3105 | D:4      | Gained mutation: You have very sharp fingernails. [demonic
                  | ancestry]
  3105 | D:4      | Reached XP level 7. HP: 49/62 MP: 7/7
  3113 | D:4      | Noticed Eustachio
  3117 | D:4      | XOM: divination: magic mapping
  3125 | D:5      | Entered Level 5 of the Dungeon
  3127 | D:5      | XOM: cast spell 'Death Channel'
  3130 | D:5      | Reached skill level 8 in Fighting
  3140 | D:5      | Killed Eustachio
  3428 | D:5      | XOM: cast spell 'Olgreb's Toxic Radiance'
  3433 | D:5      | Reached skill level 9 in Fighting
  3519 | D:5      | Slain by an ogre

Illustrated notes

Levels and vault maps discovered:
D:1:      matt_arrival_grand_opening, layout_rooms,
          ebering_ecumenical_altar_petrified, minmay_misc_feat_columns,
          grunt_decor_resistance
D:2:      layout_rooms, uniq_jessica
D:3:      corexii_shack_village, layout_basic,
          mainiacjoe_overflow_surrounded_room,
          nicolae_hepliaklqana_ecumenical_no_more,
          nicolae_overflow_crystal_walls, uniq_crazy_yiuf_cottage
D:4:      layout_basic, lemuel_crystal_altar, uniq_duvessa, uniq_eustachio,
          uniq_menkaure
D:5:      layout_rooms, grunt_temple_overflow_diamond, temple_hall,
          serial_bayou, serial_bayou_pond_a, serial_bayou_shore_b,
          serial_bayou_crossing, serial_bayou_pond_d, kennysheep_small_square

Skill      XL: |  1  2  3  4  5  6  7 |
---------------+----------------------+-----
Fighting       | 4 5 6 7 9 |  9.2
Unarmed Combat | 1 |  1.1
Polearms       | |  2.6
Armour         | |  1.7
Dodging        | |  0.8

Action                     |  1- 3 |  4- 6 |  7- 9 || total
---------------------------+-------+-------+-------++-------
  Melee: Spear             |    72 |    42 |       ||   114
         Punch             |       |     5 |       ||     5
         Unarmed           |       |    92 |       ||    92
         Mace              |       |    44 |    52 ||    96
  Evoke: Wand              |       |     1 |     4 ||     5
    Use: Scroll            |     1 |     4 |     2 ||     7
         Potion            |       |     7 |       ||     7
   Stab: Confused          |       |     1 |       ||     1
         Paralysed         |       |     1 |       ||     1
         Sleeping          |       |     2 |       ||     2
 Armour: Leather armour    |    26 |   120 |    56 ||   202
  Dodge: Dodged            |    23 |   104 |    45 ||   172
